TOP OF THE 1ST |
Winnipeg Goldeyes batting - Pitching for London Majors : RHP Bryan Rystrom
|
Pitching: RHP Bryan Rystrom
|
|
Batting: RHB Nestor Moreno
|
0-0: SINGLE (Flyball, 4D, EV 86.9 MPH)
|
Batting: LHB Ben Roth
|
0-0: Called Strike 0-1: Ball 1-1: Ball 2-1: Foul Ball, location: 2F 2-2: Strikes out swinging
|
Batting: SHB Rodrigo Mendoza
|
0-0: Called Strike 0-1: Called Strike 0-2: Ball 1-2: Strikes out swinging
|
Batting: RHB Terry Oetker
|
0-0: Called Strike 0-1: Ball 1-1: Ball 2-1: Fly out, F7 (Flyball, 7LM, EV 83.1 MPH)
|
Top of the 1st over - 0 runs, 1 hit, 0 errors, 1 left on base; Winnipeg 0 - London 0 |
BOTTOM OF THE 1ST |
London Majors batting - Pitching for Winnipeg Goldeyes : RHP Olegário Salsinha
|
Pitching: RHP Olegário Salsinha
|
|
Batting: RHB Manny Elizondo
|
0-0: Called Strike 0-1: Called Strike 0-2: Ball 1-2: Ball 2-2: Ball 3-2: Ground out 5-3 (Groundball, 56S, EV 88.8 MPH)
|
Batting: LHB Ron de Vos
|
0-0: Called Strike 0-1: Ball 1-1: Ball 2-1: SOLO HOME RUN (Flyball, 9D, EV 106.2 MPH), Distance : 394 ft
|
Batting: RHB Akira Kubo
|
0-0: Called Strike 0-1: Ball 1-1: Fly out, F8 (Flyball, 8LXD, EV 99.4 MPH)
|
Batting: RHB Chad Colyer
|
0-0: Called Strike 0-1: Ball 1-1: Ball 2-1: Ground out 6-3 (Groundball, P, EV 86.2 MPH)
|
Bottom of the 1st over - 1 run, 1 hit, 0 errors, 0 left on base; Winnipeg 0 - London 1 |
TOP OF THE 2ND |
Winnipeg Goldeyes batting - Pitching for London Majors : RHP Bryan Rystrom
|
Batting: RHB Hisao Takei
|
0-0: Swinging Strike 0-1: Foul Ball, location: 2F 0-2: Strikes out swinging
|
Batting: RHB Yu-zeng Mai
|
0-0: Ball 1-0: Called Strike 1-1: Ball 2-1: DOUBLE (Line Drive, 7LS, EV 95.0 MPH)
|
Batting: RHB Alejandro de Jesus
|
0-0: Ball 1-0: Ball 2-0: Called Strike 2-1: Fly out, F8 (Line Drive, 8RD, EV 96.2 MPH) Runner from 2nd tags up, OUT at 3rd! 8-5
|
Top of the 2nd over - 0 runs, 1 hit, 0 errors, 0 left on base; Winnipeg 0 - London 1 |
BOTTOM OF THE 2ND |
London Majors batting - Pitching for Winnipeg Goldeyes : RHP Olegário Salsinha
|
Batting: RHB Carlos Murillo
|
0-0: Called Strike 0-1: Foul Ball, location: 2F 0-2: Foul Ball, location: 2F 0-2: Fly out, F8 (Flyball, 8RD, EV 94.4 MPH)
|
Batting: RHB Mikey Sano
|
0-0: Called Strike 0-1: Ball 1-1: Ball 2-1: Ball 3-1: Foul Ball, location: 2F 3-2: Strikes out looking
|
Batting: RHB Rudolph Lentz
|
0-0: Called Strike 0-1: Ball 1-1: Swinging Strike 1-2: Ball 2-2: Strikes out looking
|
Bottom of the 2nd over - 0 runs, 0 hits, 0 errors, 0 left on base; Winnipeg 0 - London 1 |
TOP OF THE 3RD |
Winnipeg Goldeyes batting - Pitching for London Majors : RHP Bryan Rystrom
|
Batting: RHB Settan Nakamura
|
0-0: SOLO HOME RUN (Flyball, 7D, EV 98.8 MPH), Distance : 373 ft
|
Batting: RHB Mike Berzins
|
0-0: Called Strike 0-1: Bunt for hit to P - play at first, batter OUT! 1-3
|
Batting: RHB Nestor Moreno
|
0-0: Ball 1-0: Called Strike 1-1: Foul Ball, location: 2F 1-2: Ball 2-2: Ground out U3 (Groundball, 34, EV 89.4 MPH)
|
Batting: LHB Ben Roth
|
0-0: Ball 1-0: Foul Ball, location: 2F 1-1: Foul Ball, location: 2F 1-2: Strikes out swinging
|
Top of the 3rd over - 1 run, 1 hit, 0 errors, 0 left on base; Winnipeg 1 - London 1 |
BOTTOM OF THE 3RD |
London Majors batting - Pitching for Winnipeg Goldeyes : RHP Olegário Salsinha
|
Batting: LHB Nate Greening
|
0-0: Ground out 4-3 (Groundball, 4, EV 85.6 MPH)
|
Batting: RHB Lao-che Zhu
|
0-0: Hit by Pitch
|
Batting: RHB Manny Elizondo
|
0-0: SINGLE (Line Drive, 6D, EV 103.8 MPH) Lao-che Zhu to second
|
Batting: LHB Ron de Vos
|
0-0: Ball 1-0: Ball 2-0: SINGLE (Groundball, 34D, EV 94.4 MPH) Lao-che Zhu to third Manny Elizondo to second Runner from 3rd tries for Home, SAFE, throw by RF to home
|
Batting: RHB Akira Kubo
|
0-0: Ball 1-0: Foul Ball, location: 2F 1-1: Foul Ball, location: 2F 1-2: Strikes out swinging
|
Batting: RHB Chad Colyer
|
0-0: Ball 1-0: Foul Ball, location: 2F 1-1: Ball 2-1: Ball 3-1: Foul Ball, location: 2F 3-2: Foul Ball, location: 2F 3-2: Strikes out swinging
|
Bottom of the 3rd over - 1 run, 2 hits, 0 errors, 2 left on base; Winnipeg 1 - London 2 |
TOP OF THE 4TH |
Winnipeg Goldeyes batting - Pitching for London Majors : RHP Bryan Rystrom
|
Batting: SHB Rodrigo Mendoza
|
0-0: Ball 1-0: Foul Ball, location: 2F 1-1: Ball 2-1: Ball 3-1: Base on Balls
|
Batting: RHB Terry Oetker
|
0-0: Called Strike 0-1: Ball 1-1: Foul Ball, location: 2F 1-2: Foul Ball, location: 2F 1-2: Strikes out swinging
|
Batting: RHB Hisao Takei
|
0-0: Swinging Strike 0-1: Ball 1-1: Called Strike 1-2: Strikes out looking
|
Batting: RHB Yu-zeng Mai
|
0-0: Called Strike 0-1: Foul Ball, location: 2F 0-2: Foul Ball, location: 2F 0-2: SINGLE (Line Drive, 7S, EV 100.0 MPH) Rodrigo Mendoza to second
|
Batting: RHB Alejandro de Jesus
|
0-0: Ball 1-0: Ball 2-0: Foul Ball, location: 2F 2-1: Reached on error, E9 (Flyball, 89D, EV 90.6 MPH) Rodrigo Mendoza scores Yu-zeng Mai to third
|
Batting: RHB Settan Nakamura
|
0-0: Ball 1-0: Called Strike 1-1: Ball 2-1: Foul Ball, location: 2F 2-2: SINGLE (Groundball, 6MD, EV 101.9 MPH) Yu-zeng Mai scores Alejandro de Jesus to third Runner from 3rd tries for Home, SAFE, throw by CF to home
|
Batting: RHB Mike Berzins
|
0-0: Ball Settan Nakamura steals 2nd base 1-0: Fly out, F4 (Popup, 4D, EV 46.2 MPH)
|
Top of the 4th over - 3 runs, 2 hits, 1 error, 1 left on base; Winnipeg 4 - London 2 |
BOTTOM OF THE 4TH |
London Majors batting - Pitching for Winnipeg Goldeyes : RHP Olegário Salsinha
|
Batting: RHB Carlos Murillo
|
0-0: Ball 1-0: Ball 2-0: Swinging Strike 2-1: Ball 3-1: Base on Balls
|
Batting: RHB Mikey Sano
|
0-0: Called Strike 0-1: Ball 1-1: Called Strike 1-2: Strikes out swinging
|
Batting: RHB Rudolph Lentz
|
0-0: Ball 1-0: Ball 2-0: Ball 3-0: Base on Balls Carlos Murillo to second
|
Batting: LHB Nate Greening
|
0-0: Called Strike 0-1: Swinging Strike 0-2: Ball 1-2: Foul Ball, location: 2F 1-2: Ball 2-2: Ball 3-2: Foul Ball, location: 2F 3-2: Foul Ball, location: 2F 3-2: Strikes out swinging
|
Batting: RHB Lao-che Zhu
|
0-0: Ball 1-0: Ball 2-0: Fly out, F9 (Flyball, 9, EV 90.0 MPH)
|
Bottom of the 4th over - 0 runs, 0 hits, 0 errors, 2 left on base; Winnipeg 4 - London 2 |
TOP OF THE 5TH |
Winnipeg Goldeyes batting - Pitching for London Majors : RHP Bryan Rystrom
|
Batting: RHB Nestor Moreno
|
0-0: SINGLE (Flyball, 6D, EV 88.1 MPH)
|
Batting: LHB Ben Roth
|
0-0: Fly out, F9 (Flyball, 89M, EV 86.9 MPH)
|
Batting: SHB Rodrigo Mendoza
|
0-0: Called Strike 0-1: Fly out, F8 (Flyball, 8RD, EV 89.4 MPH)
|
Batting: RHB Terry Oetker
|
0-0: Ball Nestor Moreno steals 2nd base 1-0: Swinging Strike 1-1: Ball 2-1: Ball 3-1: Fly out, F8 (Flyball, 78M, EV 89.4 MPH)
|
Top of the 5th over - 0 runs, 1 hit, 0 errors, 1 left on base; Winnipeg 4 - London 2 |
BOTTOM OF THE 5TH |
London Majors batting - Pitching for Winnipeg Goldeyes : RHP Olegário Salsinha
|
Batting: RHB Manny Elizondo
|
0-0: SINGLE (Groundball, 56D, EV 100.6 MPH)
|
Batting: LHB Ron de Vos
|
0-0: Called Strike 0-1: Ball 1-1: Foul Ball, location: 2F 1-2: Foul Ball, location: 2F 1-2: Foul Ball, location: 2F 1-2: DOUBLE (Flyball, 89D, EV 106.9 MPH) Manny Elizondo to third
|
Batting: RHB Akira Kubo
|
0-0: Ball 1-0: Ball 2-0: Called Strike 2-1: Fly out, F8 (Flyball, 8RD, EV 99.4 MPH)
|
Batting: RHB Chad Colyer
|
0-0: Called Strike 0-1: Ball 1-1: Ball 2-1: Called Strike 2-2: Foul Ball, location: 2F 2-2: Strikes out swinging
|
Batting: RHB Carlos Murillo
|
0-0: Ball 1-0: Foul Ball, location: 2F 1-1: Ball 2-1: Foul Ball, location: 2F 2-2: SINGLE (Line Drive, 7S, EV 100.0 MPH) Manny Elizondo scores Ron de Vos to third Runner from 3rd tries for Home, SAFE, throw by LF to home Carlos Murillo to second
|
Batting: RHB Mikey Sano
|
0-0: Foul Ball, location: 2F 0-1: Foul Ball, location: 2F 0-2: Foul Ball, location: 2F 0-2: Ball 1-2: Fly out, F7 (Flyball, 7, EV 88.8 MPH)
|
Bottom of the 5th over - 2 runs, 3 hits, 0 errors, 1 left on base; Winnipeg 4 - London 4 |
TOP OF THE 6TH |
Winnipeg Goldeyes batting - Pitching for London Majors : RHP Bryan Rystrom
|
Batting: RHB Hisao Takei
|
0-0: Ball 1-0: Ball 2-0: Fly out, F8 (Flyball, 8RM, EV 82.5 MPH)
|
Batting: RHB Yu-zeng Mai
|
0-0: Called Strike 0-1: Foul Ball, location: 2F 0-2: Ball 1-2: Ball 2-2: Strikes out swinging, 2-3 out at first.
|
Batting: RHB Alejandro de Jesus
|
0-0: Ball 1-0: Ball 2-0: Foul Ball, location: 2F 2-1: Foul Ball, location: 2F 2-2: Fly out, F8 (Flyball, 89M, EV 83.1 MPH)
|
Top of the 6th over - 0 runs, 0 hits, 0 errors, 0 left on base; Winnipeg 4 - London 4 |
BOTTOM OF THE 6TH |
London Majors batting - Pitching for Winnipeg Goldeyes : RHP Olegário Salsinha
|
Batting: RHB Rudolph Lentz
|
0-0: Swinging Strike 0-1: Swinging Strike 0-2: Strikes out looking
|
Batting: LHB Nate Greening
|
0-0: Called Strike 0-1: Foul Ball, location: 2F 0-2: Ball 1-2: Foul Ball, location: 2F 1-2: Foul Ball, location: 2F 1-2: Strikes out swinging
|
Batting: RHB Lao-che Zhu
|
0-0: Ball 1-0: Called Strike 1-1: Foul Ball, location: 2F 1-2: Strikes out swinging
|
Bottom of the 6th over - 0 runs, 0 hits, 0 errors, 0 left on base; Winnipeg 4 - London 4 |
TOP OF THE 7TH |
Winnipeg Goldeyes batting - Pitching for London Majors : RHP Bryan Rystrom
|
Batting: RHB Settan Nakamura
|
0-0: Foul Ball, location: 2F 0-1: Swinging Strike 0-2: Ground out U3 (Groundball, 3S, EV 88.1 MPH)
|
Batting: RHB Mike Berzins
|
0-0: Ball 1-0: Called Strike 1-1: Ball 2-1: Swinging Strike 2-2: SOLO HOME RUN (Flyball, 7D, EV 98.8 MPH), Distance : 368 ft
|
Batting: RHB Nestor Moreno
|
0-0: Called Strike 0-1: Foul Ball, location: 2F 0-2: Foul Ball, location: 2F 0-2: Ball 1-2: Strikes out swinging
|
Batting: LHB Ben Roth
|
0-0: Ball 1-0: Swinging Strike 1-1: Ball 2-1: Ball 3-1: Base on Balls
|
Pitching: RHP Justin Rubino
|
|
Batting: SHB Rodrigo Mendoza
|
0-0: Ball 1-0: Called Strike 1-1: Foul Ball, location: 2F 1-2: Ball 2-2: Foul Ball, location: 2F 2-2: Strikes out swinging
|
Top of the 7th over - 1 run, 1 hit, 0 errors, 1 left on base; Winnipeg 5 - London 4 |
BOTTOM OF THE 7TH |
London Majors batting - Pitching for Winnipeg Goldeyes : RHP Olegário Salsinha
|
Pitching: RHP Jason McCaw
|
|
Batting: RHB Manny Elizondo
|
0-0: Called Strike 0-1: Swinging Strike 0-2: Ball 1-2: Ball 2-2: Foul Ball, location: 2F 2-2: Foul Ball, location: 2F 2-2: Strikes out looking
|
Batting: LHB Ron de Vos
|
0-0: Called Strike 0-1: Ball 1-1: Ball 2-1: Swinging Strike 2-2: Strikes out swinging
|
Batting: RHB Akira Kubo
|
0-0: SINGLE (Line Drive, 8LS, EV 105.6 MPH)
|
Batting: RHB Chad Colyer
|
0-0: Ball 1-0: Ball 2-0: Called Strike 2-1: Called Strike 2-2: Foul Ball, location: 2F 2-2: Ball 3-2: Foul Ball, location: 2F 3-2: Foul Ball, location: 2F 3-2: Foul Ball, location: 2F 3-2: Base on Balls Akira Kubo to second
|
Batting: RHB Carlos Murillo
|
0-0: Called Strike 0-1: Ball 1-1: Called Strike 1-2: Ground out U3 (Groundball, 3, EV 80.6 MPH)
|
Bottom of the 7th over - 0 runs, 1 hit, 0 errors, 2 left on base; Winnipeg 5 - London 4 |
TOP OF THE 8TH |
Winnipeg Goldeyes batting - Pitching for London Majors : RHP Justin Rubino
|
Pitching: LHP William Capuano
|
|
Batting: RHB Terry Oetker
|
0-0: Ball 1-0: Called Strike 1-1: Foul Ball, location: 2F 1-2: Foul Ball, location: 2F 1-2: Strikes out looking
|
Batting: RHB Hisao Takei
|
0-0: Foul Ball, location: 2F 0-1: Called Strike 0-2: Strikes out looking
|
Batting: RHB Yu-zeng Mai
|
0-0: Foul Ball, location: 2F 0-1: DOUBLE (Groundball, 5L, EV 101.9 MPH)
|
Batting: RHB Alejandro de Jesus
|
0-0: Foul Ball, location: 2F 0-1: Swinging Strike 0-2: Ground out U3 (Groundball, 3, EV 82.5 MPH)
|
Top of the 8th over - 0 runs, 1 hit, 0 errors, 1 left on base; Winnipeg 5 - London 4 |
BOTTOM OF THE 8TH |
London Majors batting - Pitching for Winnipeg Goldeyes : RHP Jason McCaw
|
Pitching: RHP Jason Waite
|
|
Batting: RHB Mikey Sano
|
0-0: SINGLE (Groundball, 56D, EV 93.8 MPH)
|
Pinch Hitting: RHB Brandon Williams
|
0-0: Called Strike 0-1: Foul Ball, location: 2F 0-2: Strikes out swinging
|
Pitching: RHP Chi-young Chuko
|
|
Pinch Hitting: RHB David Gamez
|
0-0: Bunt - Flyout to 23! F3
|
Pinch Hitting: RHB Bruce Ayotte
|
0-0: Ball 1-0: Called Strike 1-1: Ball 2-1: Foul Ball, location: 2F 2-2: Strikes out swinging
|
Bottom of the 8th over - 0 runs, 1 hit, 0 errors, 1 left on base; Winnipeg 5 - London 4 |
BOTTOM OF THE 9TH |
London Majors batting - Pitching for Winnipeg Goldeyes : RHP Chi-young Chuko
|
Now at 1B: Fernando Membreno
|
|
Batting: RHB Manny Elizondo
|
0-0: Ball 1-0: Ball 2-0: Ball 3-0: Base on Balls
|
Batting: LHB Ron de Vos
|
0-0: Bunt - Flyout to 15S! F1
|
Batting: RHB Akira Kubo
|
0-0: Ball 1-0: Called Strike 1-1: DOUBLE (Line Drive, 5D, EV 101.9 MPH) Manny Elizondo to third
|
Batting: RHB Chad Colyer
|
0-0: Intentional Walk
|
Batting: RHB Carlos Murillo
|
0-0: Ball 1-0: Foul Ball, location: 2F 1-1: Grounds into double play, 5-2-3 (Groundball, 56S, EV 84.4 MPH)
|
Bottom of the 9th over - 0 runs, 1 hit, 0 errors, 2 left on base; Winnipeg 5 - London 4 |
|